Map: Redshift LE

Players

ILIEKEGGPIE - Winner!

  • Race: Protoss Protoss
  • League: Platinum
  • Spawn Location: 11:00

SuperMango

  • Race: Protoss Protoss
  • League: Platinum
  • Spawn Location: 7:00

VOD

Have the link to the VOD?

Description

Time

  • Played on: May 18, 2018, 11:47 a.m.
  • Length: 5:56
Show
View Real Time Build Order
Export as new Build Order

ILIEKEGGPIE Protoss - Winner!

Build Orders:  

Get SALT Encoding   

  12  0:00  Probe  
  13  0:13  Probe  
  14  0:22  Pylon  
  14  0:26  Probe  
  15  0:40  Probe  
  16  0:46  Gateway  
  16  0:48  Pylon  
  16  0:52  Pylon  
  16  0:55  Pylon  
  16  1:02  Pylon  
  16  1:07  Pylon  
  16  1:11  Pylon  
  16  1:15  Pylon  
  16  1:22  Pylon  
  16  1:33  Pylon  
  16  1:39  Probe  
  17  1:42  Cybernetics Core  
  17  1:43  Pylon  
  17  1:48  Pylon  
  17  1:50  Probe  
  17  1:51  Pylon  
  18  1:56  Pylon  
  18  1:58  Probe  
  18  2:01  Assimilator  
  19  2:11  Probe  
  20  2:18  Gateway x2  
  20  2:21  Gateway  
  20  2:30  Pylon  
  20  2:31  Warp Gate  
  20  2:55  Pylon  
  20  3:03  Zealot  
  20  3:08  Zealot  
  20  3:09  Zealot  
  26  3:14  Probe  
  26  3:15  Shield Battery  
  26  3:18  Assimilator  
  27  3:26  Probe  
  28  3:30  Zealot, Pylon  
  28  3:32  Zealot  
  32  3:37  Zealot x2  
  36  3:43  Probe  
  37  3:55  Probe  
  38  3:58  Zealot  
  38  3:59  Zealot  
  42  4:08  Zealot  
  32  4:55  Adept x4  
  32  5:20  Stalker x3  
  32  5:45  Adept x4  
Show
View Real Time Build Order
Export as new Build Order

SuperMango Protoss 

Build Orders:  

Get SALT Encoding   

  12  0:01  Probe  
  13  0:13  Probe  
  14  0:21  Pylon  
  14  0:25  Probe  
  15  0:39  Probe  
  15  0:40  Assimilator  
  16  0:47  Gateway  
  16  0:51  Probe  
  17  0:58  Pylon  
  17  1:03  Probe  
  18  1:15  Probe  
  18  1:18  Forge  
  19  1:28  Probe  
  20  1:35  Cybernetics Core  
  20  1:37  Zealot  
  22  1:44  Probe  
  23  1:47  Assimilator  
  23  1:53  Pylon  
  23  2:10  Probe  
  24  2:23  Nexus, Probe  
  25  2:33  Stargate  
  25  2:41  Stalker  
  27  2:58  Probe  
  27  3:04  Stargate  
  28  3:11  Probe  
  29  3:27  Probe  
  29  3:28  Assimilator  
  29  3:30  Assimilator  
  29  3:31  Probe  
  30  3:35  Probe  
  30  3:37  Stalker  
  30  3:40  Probe  
  34  3:43  Probe  
  34  4:39  Stalker  
  36  4:46  Void Ray  
  26  5:09  Pylon  
Tags
 
Matchup
PvP
Replay Pack
Multi
Spawn Locations
Close Positions
Add a new tag
Caveats
  • Supply blocks, unpowered buildings, or Contaminate may cause inaccurate times.
  • Supply counts are checked every 10 seconds.